Map: [ESL] Alcyone

Players

Wayne - Winner!

  • Race: Zerg Zerg
  • Spawn Location: 1:00

Bly

  • Race: Zerg Zerg
  • Spawn Location: 7:00

Event: ESL SC2 Masters 2024 Spring (Regional)

VOD

Have the link to the VOD?

Description

Time

  • Played on: April 27, 2024, 12:27 p.m.
  • Length: 10:40

All games in this series

Show
View Real Time Build Order
Export as new Build Order

Wayne Zerg - Winner!

Build Orders: Hatch First 

Get SALT Encoding   

  12  0:00  Drone  
  13  0:12  Overlord  
  13  0:17  Drone  
  14  0:30  Drone x2  
  16  0:48  Hatchery  
  15  0:51  Drone  
  15  0:54  Drone  
  17  1:08  Spawning Pool  
  17  1:11  Drone  
  17  1:13  Extractor  
  17  1:17  Drone  
  17  1:20  Drone  
  18  1:28  Drone  
  19  1:39  Drone  
  20  1:49  Overlord  
  20  1:55  Queen  
  20  2:00  Queen  
  24  2:02  Drone x2  
  26  2:11  Drone x2  
  28  2:21  Drone x2  
  30  2:31  Overlord  
  30  2:35  Queen x2  
  34  2:39  Drone  
  34  2:42  Drone  
  36  2:48  Evolution Chamber  
  36  2:50  Drone  
  36  2:52  Metabolic Boost  
  36  2:57  Roach Warren  
  35  2:59  Drone  
  35  3:00  Drone  
  37  3:06  Drone x2  
  37  3:09  Drone  
  37  3:12  Overlord  
  40  3:16  Zerg Missile Weapons Level 1  
  40  3:20  Evolution Chamber  
  40  3:25  Drone  
  40  3:27  Drone x2  
  40  3:28  Drone  
  43  3:36  Drone  
  44  3:43  Roach x3  
  44  3:48  Drone  
  49  3:54  Evolution Chamber  
  48  3:58  Drone  
  49  4:08  Extractor  
  49  4:09  Extractor  
  47  4:12  Overlord, Drone  
  48  4:17  Drone x2  
  48  4:18  Extractor, Drone x2  
  48  4:21  Lair  
  51  4:25  Drone  
  52  4:33  Drone x4  
  52  4:38  Drone  
  57  4:44  Roach  
  59  4:46  Overlord x2  
  59  5:02  Overlord  
  59  5:05  Roach x5  
  69  5:10  Roach  
  71  5:17  Roach, Overlord  
  73  5:24  Glial Reconstitution  
  73  5:28  Overlord  
  73  5:29  Overseer  
  73  5:40  Hatchery  
  73  5:41  Roach x3  
  78  5:47  Overlord  
  78  5:53  Roach  
  78  5:54  Roach  
  82  5:57  Spire  
  82  5:59  Drone  
  82  6:02  Zerg Missile Weapons Level 2  
  82  6:05  Roach x4  
  82  6:07  Hatchery  
  89  6:15  Overlord  
  89  6:16  Roach x3  
  95  6:28  Roach x4  
  103  6:37  Ravager  
  103  6:38  Roach x4  
  112  6:42  Overlord  
  112  6:45  Overlord  
  112  6:50  Roach  
  112  6:52  Ravager  
  98  6:55  Roach  
  98  6:56  Roach  
  98  7:00  Roach  
  97  7:12  Mutalisk  
  97  7:15  Drone x2  
  99  7:18  Mutalisk  
  99  7:21  Drone x2  
  103  7:23  Drone  
  104  7:30  Drone x2  
  106  7:38  Drone x4  
  110  7:46  Queen  
  110  7:48  Roach x3  
  118  7:52  Overlord  
  118  7:55  Roach  
  120  8:00  Roach x2  
  124  8:08  Roach  
  124  8:09  Roach x2  
  130  8:20  Drone x4  
  130  8:23  Drone  
  130  8:26  Zerg Ground Armor Level 1  
  135  8:33  Drone x7  
  142  8:36  Extractor  
  141  8:44  Hydralisk Den  
  140  8:49  Roach x3  
  140  8:50  Overlord x3  
  144  9:07  Overlord x2  
  144  9:13  Hydralisk, Grooved Spines  
  144  9:14  Hydralisk x5  
  156  9:19  Hydralisk  
  156  9:20  Hydralisk x2  
  162  9:25  Overlord  
  162  9:26  Hydralisk  
  162  9:27  Hydralisk  
  168  9:31  Roach  
  168  9:35  Roach x3  
  174  9:40  Roach x2  
  174  9:44  Overlord  
  178  9:47  Roach x2  
  178  9:51  Roach x2  
  186  9:55  Roach x3  
  192  10:01  Overlord  
  192  10:02  Roach  
  192  10:05  Roach x3  
  194  10:17  Roach x6  
  181  10:37  Spore Crawler  
Show
View Real Time Build Order
Export as new Build Order

Bly Zerg 

Build Orders: Hatch First 

Get SALT Encoding   

  12  0:00  Drone  
  13  0:09  Drone  
  14  0:38  Drone, Hatchery  
  14  0:46  Drone, Extractor  
  14  0:59  Spawning Pool  
  14  1:03  Drone  
  14  1:11  Overlord  
  14  1:19  Drone, Extractor  
  16  1:32  Drone  
  16  1:33  Drone  
  17  1:51  Metabolic Boost  
  17  1:58  Queen  
  19  2:02  Drone  
  19  2:03  Drone  
  21  2:11  Queen  
  23  2:16  Overlord  
  23  2:23  Zergling x2  
  23  2:24  Zergling x4  
  23  2:25  Zergling x2  
  27  2:39  Zergling x2  
  27  2:40  Zergling x4  
  30  2:52  Overlord  
  30  2:53  Zergling x2  
  30  2:56  Hatchery  
  30  3:03  Zergling x4  
  32  3:07  Zergling x6  
  35  3:20  Overlord  
  31  3:38  Zergling x10  
  27  3:51  Zergling x2  
  27  3:52  Zergling x4  
  30  4:01  Drone x2  
  32  4:05  Drone x4  
  32  4:09  Queen  
  38  4:10  Queen  
  38  4:13  Drone  
  38  4:14  Drone  
  38  4:16  Extractor  
  41  4:20  Drone x2  
  41  4:23  Drone x3  
  45  4:27  Drone  
  46  4:34  Roach Warren, Drone x5  
  50  4:38  Drone  
  51  4:49  Drone x3  
  51  4:50  Drone x3  
  57  4:53  Overlord  
  57  4:57  Overlord  
  57  4:59  Overlord  
  57  5:07  Overlord  
  57  5:10  Overlord, Queen  
  57  5:11  Overlord  
  55  5:34  Roach x11  
  77  5:42  Overlord  
  77  5:46  Roach x5  
  87  6:02  Lair  
  87  6:04  Zergling x24  
  99  6:19  Roach x3, Overlord  
  99  6:22  Overlord  
  103  6:30  Roach x3  
  108  6:33  Overlord  
  108  6:36  Extractor  
  107  6:43  Roach x2, Overlord  
  111  6:51  Roach  
  111  6:52  Roach  
  76  7:02  Roach  
  76  7:03  Roach x2, Zergling x16  
  92  7:09  Extractor  
  92  7:15  Roach  
  92  7:16  Roach x2  
  92  7:17  Spine Crawler  
  92  7:18  Spine Crawler  
  92  7:19  Spine Crawler  
  92  7:20  Extractor  
  92  7:25  Roach  
  92  7:26  Roach  
  96  7:33  Drone x5  
  101  7:39  Roach x5  
  105  7:48  Glial Reconstitution  
  105  7:56  Spore Crawler x2  
  105  7:57  Spore Crawler  
  105  7:59  Drone x5  
  105  8:02  Queen x3  
  116  8:13  Drone  
  116  8:14  Drone x2  
  116  8:15  Spire  
  116  8:19  Overlord  
  118  8:26  Overlord x2  
  118  8:44  Overlord  
  118  8:48  Roach x8  
  134  9:07  Drone x3  
  137  9:10  Hatchery  
  137  9:14  Spine Crawler, Drone x2  
  137  9:16  Spine Crawler  
  136  9:17  Spine Crawler  
  135  9:47  Mutalisk  
  135  9:48  Mutalisk x9  
  155  9:56  Overlord x2  
  154  10:07  Overlord  
Tags
 
Add a new tag
Caveats
  • Supply blocks, unpowered buildings, or Contaminate may cause inaccurate times.
  • Supply counts are checked every 10 seconds.